 Dungeon Crawl Stone Soup version 0.27-a0-343-gfcad680f63 (webtiles) character file.

Game seed: 7277548454430238015

707 wampuh the Magician (level 7, -7/52 HPs)
             Began as a Demonspawn Earth Elementalist on Feb 15, 2021.
             Killed by an exploding Blork the orc (9 damage)
             ... exploding inner flame
             ... on level 5 of the Dungeon.
             The game lasted 00:08:09 (4910 turns).

wampuh the Magician (Demonspawn Earth Elementalist) Turns: 4910, Time: 00:08:09

Health: -7/52      AC:  5    Str:  8    XL:     7   Next: 40%
Magic:  13/13      EV: 12    Int: 19    God:
Gold:   191        SH:  0    Dex: 15    Spells: 11/15 levels left

rFire    + . .     SeeInvis .   (no weapon)
rCold    + . .     Faith    .   (no shield)
rNeg     + . .     Spirit   .   w - +2 robe {rC+ rF+}
rPois    +         Reflect  .   (helmet restricted)
rElec    .         Harm     .   (no cloak)
rCorr    .         Rampage  .   t - +0 pair of gloves
Will     .....                  (no boots)
Stlth    +++.......             (no amulet)
HPRegen  0.17/turn              r - ring of positive energy
MPRegen  0.13/turn              u - ring of poison resistance

@: no status effects
A: horns 1, thin skeletal structure 1, spiny 2
a: no special abilities


You were on level 5 of the Dungeon.
You visited 1 branch of the dungeon, and saw 5 of its levels.

You collected 191 gold pieces.

Inventory:

Missiles
 b - 85 stones
Armour
 t - a +0 pair of gloves (worn)
 w - a +2 robe of resistance (worn)
Magical Staves
 j - a staff of death {unknown}
Jewellery
 r - a ring of positive energy (left hand)
 u - a ring of poison resistance (right hand)
Wands
 n - a wand of acid (6)
Scrolls
 c - a scroll of enchant weapon
 f - a scroll of immolation
 l - 2 scrolls of amnesia
 o - a scroll of magic mapping
Potions
 a - 3 potions of degeneration
 d - 4 potions of curing
 e - a potion of heal wounds {unknown}
 g - a potion of invisibility {unknown}
 h - a potion of lignification {unknown}
 i - a potion of berserk rage {unknown}
 k - a potion of brilliance
 m - 3 potions of attraction
 p - a potion of flight {unknown}
 q - a potion of mutation {unknown}
 s - a potion of magic {unknown}
 v - 2 potions of haste {unknown}


   Skills:
 + Level 3.3 Fighting
 - Level 1.7 Dodging
 - Level 1.7 Stealth
 - Level 0.4 Unarmed Combat
 + Level 4.5 Spellcasting
 * Level 4.1 Conjurations
 - Level 0.8 Transmutations
 * Level 4.3 Earth Magic


You had 11 spell levels left.
You knew the following spells:

 Your Spells              Type           Power        Failure   Level
a - Sandblast             Erth           40%          2%          1
b - Stone Arrow           Conj/Erth      40%          7%          3

Your spell library contained the following spells:

 Spells                   Type           Power        Failure   Level
 Passwall                 Tmut/Erth      11%          7%          2
 Beastly Appendage        Tmut           14%          10%         1
 Wereblood                Tmut           7%           14%         2
 Spider Form              Tmut/Pois      2%           32%         3
 Petrify                  Tmut/Erth      14%          41%         4
 Lee's Rapid Deconstruct  Erth           10%          52%         5
 Ice Form                 Ice/Tmut       5%           73%         4
 Blade Hands              Tmut           3%           95%         5


Dungeon Overview and Level Annotations

Branches:
Dungeon (5/15)
 Temple: D:4-7

Altars:
Cheibriados
Makhleb
Nemelex Xobeh
Okawaru


Innate Abilities, Weirdness & Mutations

You have a pair of small horns on your head.
You have a somewhat thin skeletal structure. (Dex +2, Stealth)
You are mostly covered in sharp spines.


Message History

Menkaure seems to speed up.
You see here a crooked smoking staff.
j - a crooked smoking staff Menkaure calls on the powers of darkness!
Blork the orc convulses!
Your body is wracked with pain!
A giant cockroach comes into view.
Blork the orc yells loudly, in orcish tradition.
Okay, then.
You see here a hound corpse.
Okay, then.
As you read the scroll labelled ORALEDUAX, it crumbles to dust.
It is a scroll of amnesia.
Really abort (and waste the scroll)?
Okay, then.
Menkaure calls on the powers of darkness!
Your body is wracked with pain!
Blork the orc convulses!
As you read the scroll labelled HEBRARUORE, it crumbles to dust.
The creatures around you are filled with an inner flame!
It was a scroll of immolation.
Blork the orc mumbles some strange words.
Blork the orc seems to speed up.
Menkaure is struck by your spines.
Flame seeps out of Menkaure.
Menkaure hits you!
* * * LOW HITPOINT WARNING * * *
Blork the orc gestures at you while chanting.
The magic dart hits you but does no damage.
Menkaure is engulfed in blazing flames.
Flame seeps out of Menkaure.
Menkaure casts a spell at you. Pain shoots through your body!
* * * LOW HITPOINT WARNING * * *
Blork the orc screams, "I don't like you!"
As you read the scroll labelled QAUR COSUPEOH, it crumbles to dust.
You feel aware of your surroundings.
It was a scroll of magic mapping.
Blork the orc screams, "I'll make a cloak from your skin!"
Blork the orc is struck by your spines.
Flame seeps out of Blork the orc.
Blork the orc misses you.
Menkaure is engulfed in blazing flames.
Menkaure explodes!
The fiery explosion engulfs Blork the orc!!
Blork the orc explodes!
The fiery explosion engulfs you! You resist.
You die...

......#....[,,,,,,*,,,,,,*,,*
...##.##..#.,,***..,,,,,,*,,*
..##*.....##,,*,..#,,,,,,*,,***
..##*#....#*.,,,#.#,,<,,,,,,,,*
...###..#.###.**#.#,,,,...,,,,*
.>............###.#****..*,,,,*
..................# *.#*,,.,*
..#...............# ###.#*,.#**
....#...#.......@§###...##..#
........[.......§○°§.....B.#*
..###...........§§§§.......#
..###.#....................#
..##..##.............?.....#
..#..####.........###...#..#
....## #.........#*#.#....#
..### #.........#,.......# ..#
###[..........#.###..#


There were no monsters in sight!

Vanquished Creatures
  Menkaure (D:5)
  An ogre (D:4)
  A centaur (D:4)
  A phantom (D:4)
  Blork the orc (D:5)
  A scorpion (D:4)
  2 orc priests
  2 hounds
  Natasha (D:4)
  An orc wizard (D:4)
  2 worker ants
  Robin (D:2)
  4 gnolls
  4 adders
  An ooze (D:5)
  An adder skeleton (D:5)
  2 worms
  A dart slug (D:2)
  3 leopard geckos
  6 orcs
  3 giant cockroaches
  13 goblins
  8 hobgoblins
  7 jackals
  A quokka (D:3)
  A ball python (D:4)
  10 bats
  4 frilled lizards (D:1)
  A jackal zombie (D:5)
  9 kobolds
  A leopard gecko skeleton (D:2)
  A leopard gecko zombie (D:5)
  4 rats
100 creatures vanquished.

Notes
Turn   | Place    | Note
-------+----------+-------------------------------------------
     0 | D:1      | wampuh the Demonspawn Earth Elementalist began the quest
                  | for the Orb.
     0 | D:1      | Reached XP level 1. HP: 13/13 MP: 3/3
   256 | D:1      | Gained mutation: You are partially covered in sharp spines.
                  | [demonic ancestry]
   256 | D:1      | Reached XP level 2. HP: 20/20 MP: 0/5
   655 | D:1      | Reached skill level 1 in Fighting
   877 | D:1      | Gained mutation: You have a somewhat thin skeletal
                  | structure. (Dex +2, Stealth) [demonic ancestry]
   877 | D:1      | Reached XP level 3. HP: 26/26 MP: 5/7
  1092 | D:2      | Noticed Robin
  1282 | D:2      | Killed Robin
  1632 | D:2      | Reached XP level 4. HP: 30/32 MP: 3/8
  1897 | D:2      | Learned a level 3 spell: Stone Arrow
  2902 | D:2      | Reached skill level 1 in Conjurations
  2902 | D:2      | Gained mutation: You are mostly covered in sharp spines.
                  | [demonic ancestry]
  2902 | D:2      | Reached XP level 5. HP: 2/38 MP: 2/10
  3807 | D:3      | Found a burning altar of Makhleb.
  3861 | D:4      | Found a snail-covered altar of Cheibriados.
  3863 | D:4      | Noticed an ogre
  3872 | D:4      | Killed an ogre
  3873 | D:4      | Reached XP level 6. HP: 34/46 MP: 7/12
  4077 | D:4      | Found an iron altar of Okawaru.
  4305 | D:4      | Gained mutation: You have a pair of small horns on your
                  | head. [demonic ancestry]
  4305 | D:4      | Reached XP level 7. HP: 37/52 MP: 5/13
  4602 | D:4      | Noticed Natasha
  4605 | D:4      | Killed Natasha
  4685 | D:4      | Found a sparkling altar of Nemelex Xobeh.
  4787 | D:5      | Entered Level 5 of the Dungeon
  4899 | D:5      | Noticed Menkaure
  4899 | D:5      | Noticed Blork the orc
  4909 | D:5      | HP: 1/52 [Menkaure/nerve-wracking pain (7)]
  4910 | D:5      | Killed Menkaure
  4910 | D:5      | Killed Blork the orc
  4910 | D:5      | Killed by an exploding Blork the orc... exploding inner
                  | flame

Illustrated notes

Levels and vault maps discovered:
D:1:      minmay_arrival_shattered_statue, layout_basic,
          hangedman_decor_clover_reticule
D:2:      layout_basic, uniq_robin
D:3:      layout_rooms, makhleb_heckhound_becter
D:4:      layout_loops_ring, nicolae_overflow_crystal_walls,
          okawaru_ov_weapons_minmay, nemelex_xobeh_ov_fountains_minmay,
          uniq_natasha
D:5:      layout_rooms, uniq_menkaure, uniq_ijyb, uniq_blork_the_orc

Skill      XL: |  1  2  3  4  5  6  7 |
---------------+----------------------+-----
Fighting       | 1 2 3 |  3.3
Earth Magic    | 3 4 |  4.3
Spellcasting   | 3 4 |  4.5
Conjurations   | 1 2 3 4 |  4.1
Dodging        | |  1.7
Stealth        | |  1.7
Unarmed Combat | |  0.4
Transmutations | |  0.8

Action                   |  1- 3 |  4- 6 |  7- 9 || total
-------------------------+-------+-------+-------++-------
Melee: Unarmed           |    29 |    22 |    30 ||    81
       Headbutt          |       |       |     6 ||     6
 Cast: Sandblast         |    44 |    75 |     8 ||   127
       Stone Arrow       |       |     1 |       ||     1
  Use: Scroll            |       |       |     8 ||     8
 Stab: Sleeping          |     2 |     4 |     6 ||    12
Armor: Robe              |    18 |    19 |     7 ||    44
Dodge: Dodged            |    39 |    31 |    16 ||    86

Table legend: (Time is in decaauts)
 A = Elapsed time spent in this place.
 B = Non-inter-level travel time spent in this place.
 C = Inter-level travel time spent in this place.
 D = Time resting spent in this place.
 E = Time spent auto-exploring this place.
 F = Levels seen in this place.
 G = Mean time per level.
                   A        B        C        D        E       F      G
               +--------+--------+--------+--------+--------+-----+--------+
         Total |   4911 |   4857 |     54 |   1637 |   2590 |   5 |  982.2 |
       Dungeon |   4911 |   4857 |     54 |   1637 |   2590 |   5 |  982.2 |
               +--------+--------+--------+--------+--------+-----+--------+

Top non-repeatable levels by time:
     D:2: 1894 daAuts
     D:1: 1260 daAuts
     D:4: 958 daAuts
     D:3: 675 daAuts
     D:5: 122 daAuts
